 Dungeon Crawl Stone Soup version 0.31.0-11-ge490571c62 (webtiles) character file.

Game seed: 4233265556588717004

54484 Monkooky the Brawler (level 14, -19/144 HPs)
             Began as a Troll Monk on Jan 29, 2024.
             Was the Champion of Dithmenos.
             Killed by an exploding sixfirhy (36 damage)
             ... ignited by their inner flame
             ... on level 11 of the Dungeon on Jan 31, 2024.
             The game lasted 00:44:22 (15686 turns).

Monkooky the Brawler (Troll Monk)                  Turns: 15686, Time: 00:44:22

Health: -19/144    AC:  9    Str: 26    XL:     14   Next: 34%
Magic:  14/14      EV: 10    Int:  6    God:    Dithmenos [******]
Gold:   1122       SH:  5    Dex: 12    Spells: 13/13 levels left

rFire   . .          .
                       - Unarmed
rCold   . . .        (no shield)
rNeg    . . .        H - +0 acid dragon scales
rPois   .            r - +0 hat
rElec   .            (no cloak)
rCorr   +            (gloves unavailable)
SInv    +            (boots unavailable)
Will    +....        t - amulet of reflection
Stlth   ++++         d - ring of see invisible
HPRegen 1.24/turn    X - +4 ring of slaying
MPRegen 0.14/turn

%: reflection
@: lethally poisoned (-19 -> -21), wreathed by umbra
A: large, unfitting armour, claws 3, regeneration 1, shaggy fur 1, tough skin 1
a: Renounce Religion, Shadow Step, Shadow Form


You were on level 11 of the Dungeon.
You worshipped Dithmenos.
Dithmenos was exalted by your worship.
You visited 2 branches of the dungeon, and saw 16 of its levels.

You collected 1122 gold pieces.

Inventory:

Missiles
 b - 2 throwing nets
 g - 27 poisoned darts
 k - 5 javelins
 u - 4 silver javelins
 P - 6 large rocks
 R - 5 boomerangs (quivered)
Armour
 a - a +0 robe
 c - an orb of light
 r - a +0 hat (worn)
 E - a +0 troll leather armour
 H - +0 acid dragon scales (worn)
 I - a +0 robe of cold resistance
Jewellery
 d - a ring of see invisible (left claw)
 n - an amulet of magic regeneration
 t - an amulet of reflection (around neck)
 K - a ring of flight
 S - a ring of ice
 X - a +4 ring of slaying (right claw)
Talismans
 w - a serpent talisman
 W - a granite talisman
Wands
 f - a wand of charming (9)
 A - a wand of light (14)
 F - a wand of iceblast (11)
 L - a wand of mindburst (4)
 O - a wand of flame (2)
Scrolls
 h - 2 scrolls of torment {unknown}
 i - a scroll of revelation {unknown}
 j - 2 scrolls of immolation
 q - 4 scrolls of silence
 s - 5 scrolls of vulnerability
 v - a scroll of summoning
 x - 2 scrolls of enchant armour
 y - 5 scrolls of teleportation
 z - a scroll of fog
 C - 2 scrolls of noise
 D - a scroll of enchant weapon
 Q - 2 scrolls of poison
 Y - 2 scrolls of identify
Potions
 e - a potion of ambrosia
 l - 2 potions of degeneration {unknown}
 m - 2 potions of haste
 o - 3 potions of enlightenment
 p - 4 potions of brilliance {unknown}
 B - a potion of berserk rage
 G - 2 potions of magic {unknown}
 J - 2 potions of mutation {unknown}
 M - 2 potions of resistance {unknown}
 N - a potion of attraction
 T - a potion of cancellation {unknown}
 U - 2 potions of might {unknown}
 V - a potion of curing


   Skills:
 + Level 10.9 Fighting
 - Level 11.4 Throwing
 - Level 5.0 Armour
 - Level 2.4 Dodging
 - Level 3.7 Stealth
 * Level 15.8 Unarmed Combat
 - Level 2.0 Invocations
 - Level 3.5 Evocations


You had 13 spell levels left.
You didn't know any spells.
Your spell library contained the following spells:

 Spells                   Type           Power      Damage    Failure   Level
 Sandblast                Erth           0%         2d4       52%         1
 Shock                    Conj/Air       0%         1d3       52%         1
 Lesser Beckoning         Tloc           0%         N/A       65%         2
 Mercury Vapours          Alch/Air       0%         N/A       65%         2
 Static Discharge         Conj/Air       0%         3-3/arc   65%         2
 Gell's Gravitas          Tloc           0%         N/A       87%         3
 Mephitic Cloud           Conj/Alch/Air  0%         N/A       87%         3
 Ozocubu's Armour         Ice            0%         N/A       87%         3
 Passwall                 Erth           0%         N/A       87%         3
 Stone Arrow              Conj/Erth      0%         3d7       87%         3
 Swiftness                Air            0%         N/A       87%         3
 Teleport Other           Tloc           0%         N/A       87%         3
 Airstrike                Air            0%         2d(0-16)  99%         4
 Brom's Barrelling Bould  Conj/Erth      0%         2d3       99%         4
 Summon Lightning Spire   Summ/Air       0%         N/A       99%         4
 Vhi's Electric Charge    Tloc/Air       0%         N/A       99%         4
 Arcjolt                  Conj/Air       0%         1d10      100%        5
 Freezing Cloud           Conj/Ice/Air   0%         6-21      100%        5
 Metabolic Englaciation   Hex/Ice        0%         N/A       100%        5
 Plasma Beam              Fire/Air       0%         2x1d10    100%        6
 Sculpt Simulacrum        Ice/Alch       0%         N/A       100%        6


Dungeon Overview and Level Annotations

Branches:
Dungeon (11/15)            Temple (0/1) D:4            Lair (5/5) D:9
 Shoals (0/4) Lair:2       Spider (0/4) Lair:3        Slime (0/5) Lair:4
    Orc: D:9-12

Altars:
Cheibriados
Dithmenos
Elyvilon
Gozag
Hepliaklqana
Makhleb
Okawaru
Qazlal
Sif Muna
Trog
Uskayaw
Vehumet
Xom
Yredelemnul
The Shining One
Jiyva

Shops:
D:1 (

Annotations:
D:5 1 runed translucent door, Crazy Yiuf
D:9 1 runed translucent door
Lair:2 exclusions: 2 death yaks and hydra
Lair:3 1 runed translucent door, stipulation's ghost, journeyman VSNe


Innate Abilities, Weirdness & Mutations

You are too large for most types of armour.
You have claws for hands.
Your natural rate of healing is unusually fast.
You are covered in fur. (AC +1)
You have tough skin. (AC +1)


Message History

The kobold demonologist is almost dead.
You feel sick. The sixfirhy hits you!
You emit a cloud of dark smoke.
The sixfirhy shocks you!
The kobold demonologist is engulfed in blazing flames.
Dithmenos accepts your kill.
The sixfirhy disappears in a puff of smoke!
The kobold demonologist explodes!
The fiery explosion engulfs you!!!
* * * LOW HITPOINT WARNING * * *
The fiery explosion engulfs the hornet!!
Dithmenos accepts your kill.
The fiery explosion engulfs the sixfirhy!!!
The sixfirhy disappears in a puff of smoke!
The fiery explosion engulfs the kobold brigand!!!
Dithmenos accepts your kill.
The fiery explosion engulfs the kobold demonologist!!
Flame seeps out of the kobold demonologist.
The kobold demonologist is almost dead.
The fiery explosion engulfs the kobold!!
Dithmenos accepts your kill.
The kobold explodes!
The fiery explosion engulfs the kobold!!!
Dithmenos accepts your kill.
The fiery explosion engulfs the kobold demonologist!!
Dithmenos accepts your kill.
The orange demon disappears in a puff of smoke!
The fiery explosion engulfs the vampire mosquito!!
Dithmenos accepts your kill.
The fiery explosion engulfs the kobold!!
Dithmenos accepts your kill.
The kobold explodes!
The vampire mosquito explodes!
The fiery explosion engulfs the kobold!!
Dithmenos accepts your kill.
The kobold explodes!
The kobold demonologist explodes!
The fiery explosion engulfs the centaur!!
Dithmenos accepts your kill.
The centaur explodes!
The kobold explodes!
The kobold brigand explodes!
The sixfirhy explodes!
The fiery explosion engulfs you!!!
You die...

############
#..........###
#............##
##.............## #
#...............###
#...............##
#§§.............#.
#@§§§...........#.
#§○§§§.........#.#
#§§§§§.........#.#
#§§§§§§.........##
#§§§§.§.......#.##
#K.)...........###
.h.............. #.
..##.............#
#. . ..#...........
#.


You could see a howler monkey (inner flame) and a kobold (inner flame).

Vanquished Creatures
  Snorg (Lair:5)
  A hydra (Lair:5)
  A catoblepas (Lair:1)
  Erolcha (D:9)
  2 death yaks (Lair:4)
  2 two-headed ogres
  A boulder beetle (Lair:5)
  4 skysharks
  A goliath frog (Lair:5)
  A manticore (D:11)
  6 elephants
  3 black mambas
  19 cane toads
  A torpor snail (Lair:5)
  Maggie (Lair:2)
  4 kobold demonologists
  10 komodo dragons
  3 rime drakes
  A tyrant leech (Lair:5)
  Grinder (D:6)
  34 blink frogs
  4 trolls
  A hornet (D:11)
  2 dream sheep (Lair:5)
  A jumping spider (Lair:3)
  Sigmund (D:5)
  A culicivora (Lair:3)
  76 yaks
  6 wyverns
  Eustachio (D:5)
  5 basilisks
  Grum (D:11)
  6 vampire mosquitoes
  3 steam dragons
  Edmund (D:5)
  An acid dragon (D:6)
  Menkaure (D:5)
  16 water moccasins
  An orc warrior (D:8)
  4 ice beasts
  2 sky beasts (D:6)
  2 black bears (Lair:3)
  An ogre (D:6)
  3 centaurs
  20 wolves
  A phantom (D:4)
  A kobold brigand (D:11)
  16 bullfrogs
  2 gnoll sergeants
  7 scorpions
  7 wights (D:7)
  32 killer bees
  3 howler monkeys
  A bombardier beetle (D:6)
  5 electric eels
  2 jellies (D:6)
  A gnoll bouda (D:6)
  4 orc priests
  3 hounds
  A sleepcap (D:6)
  4 iguanas
  4 orc wizards
  6 hell rats (Lair:4)
  7 adders
  14 gnolls
  A shadow imp (D:6)
  A white imp (D:6)
  7 ufetubi (D:6)
  A ribbon worm (D:2)
  3 dart slugs (D:4)
  22 orcs
  5 ball pythons
  10 endoplasms
  6 giant cockroaches
  10 goblins
  10 hobgoblins
  10 jackals
  2 quokkas (D:1)
  8 bats
  19 kobolds
  A rat (D:2)
495 creatures vanquished.

Vanquished Creatures (collateral kills)
  2 death yaks (Lair:4)
  A cane toad (Lair:4)
  A blink frog (Lair:2)
4 creatures vanquished.

Vanquished Creatures (others)
  A skyshark (Lair:4)
  A wyvern (Lair:4)
2 creatures vanquished.

Grand Total: 501 creatures vanquished

Notes
Turn   | Place    | Note
-------+----------+-------------------------------------------
     0 | D:1      | Monkooky the Troll Monk began the quest for the Orb.
     0 | D:1      | Reached XP level 1. HP: 22/22 MP: 0/0
    46 | D:1      | Reached XP level 2. HP: 28/29 MP: 1/1
    72 | D:1      | Found Sekufen's Weapon Shop.
   270 | D:1      | Reached skill level 4 in Unarmed Combat
   348 | D:1      | Reached XP level 3. HP: 36/36 MP: 2/2
   732 | D:2      | Found a faded altar of an unknown god.
   740 | D:2      | Prayed at the altar of an unknown god.
   740 | D:2      | Became a worshipper of Dithmenos the Shadowed
   740 | D:2      | Reached * piety under Dithmenos
   740 | D:2      | Reached ** piety under Dithmenos
   914 | D:2      | Reached *** piety under Dithmenos
   925 | D:2      | Identified the +4 war axe "Keomamis" {elec, rPois rC- Str+4
                  | Dex+2}
  1044 | D:2      | Reached XP level 4. HP: 44/44 MP: 3/3
  1536 | D:3      | Found a stormy altar of Qazlal.
  1568 | D:3      | Reached skill level 5 in Unarmed Combat
  1998 | D:3      | Found an iron altar of Okawaru.
  2090 | D:4      | Noticed a scorpion
  2093 | D:4      | Reached XP level 5. HP: 48/50 MP: 4/4
  2100 | D:4      | Reached skill level 6 in Unarmed Combat
  2175 | D:4      | Noticed a phantom
  2182 | D:4      | Killed a phantom
  2183 | D:4      | Reached skill level 7 in Unarmed Combat
  2183 | D:4      | Reached XP level 6. HP: 59/59 MP: 5/5
  2185 | D:4      | Found a staircase to the Ecumenical Temple.
  2315 | D:4      | Found a shimmering blue altar of Sif Muna.
  2362 | D:4      | Found a radiant altar of Vehumet.
  2446 | D:4      | Found a basalt altar of Yredelemnul.
  2605 | D:5      | Entered Level 5 of the Dungeon
  2621 | D:5      | Noticed Sigmund
  2635 | D:5      | Killed Sigmund
  2636 | D:5      | Reached skill level 8 in Unarmed Combat
  2636 | D:5      | Reached XP level 7. HP: 59/66 MP: 6/6
  2659 | D:5      | Found a runed translucent door.
  2660 | D:5      | Noticed Crazy Yiuf
  2694 | D:5      | Noticed Edmund
  2713 | D:5      | Killed Edmund
  2974 | D:5      | Noticed Menkaure
  2975 | D:5      | Reached **** piety under Dithmenos
  2983 | D:5      | Killed Menkaure
  2984 | D:5      | Reached skill level 1 in Throwing
  2984 | D:5      | Reached skill level 9 in Unarmed Combat
  3051 | D:5      | Noticed Eustachio
  3072 | D:5      | Killed Eustachio
  3073 | D:5      | Reached XP level 8. HP: 74/75 MP: 7/7
  3253 | D:5      | Found a white marble altar of Elyvilon.
  3254 | D:5      | Found a snail-covered altar of Cheibriados.
  3701 | D:6      | Noticed Grinder
  3712 | D:6      | Paralysed by Grinder for 2 turns
  3720 | D:6      | Killed Grinder
  3721 | D:6      | Reached skill level 10 in Unarmed Combat
  3842 | D:6      | Reached XP level 9. HP: 72/87 MP: 8/8
  4046 | D:6      | Reached skill level 5 in Fighting
  4125 | D:6      | Noticed a troll
  4141 | D:6      | Killed a troll
  4381 | D:6      | Reached skill level 5 in Throwing
  4726 | D:7      | Reached ***** piety under Dithmenos
  5432 | D:8      | Reached skill level 11 in Unarmed Combat
  5449 | D:8      | Found a bloodstained altar of Trog.
  5678 | D:8      | Reached XP level 10. HP: 87/100 MP: 9/9
  5996 | D:8      | Found a glowing golden altar of the Shining One.
  6294 | D:9      | Noticed a sixfirhy
  6296 | D:9      | Noticed a smoke demon
  6370 | D:9      | Noticed a smoke demon
  6443 | D:9      | Found a hide-covered altar of Uskayaw.
  6486 | D:9      | Reached skill level 12 in Unarmed Combat
  6682 | D:9      | Noticed a two-headed ogre
  6701 | D:9      | Killed a two-headed ogre
  6711 | D:9      | Identified the +7 lajatang of the Magi {protect, *Noise
                  | rElec rPois}
  6725 | D:9      | Reached XP level 11. HP: 67/113 MP: 10/10
  6816 | D:9      | Noticed Erolcha
  6935 | D:9      | Found a staircase to the Lair.
  6974 | D:9      | Killed Erolcha
  6985 | D:9      | Reached skill level 13 in Unarmed Combat
  7040 | D:9      | Noticed an entropy weaver
  7041 | D:9      | Found a runed translucent door.
  7043 | D:9      | Identified the +1 robe of Yredelemnul's Outrage {*Corrode
                  | Int+8 Dex+2}
  7043 | D:9      | Noticed a fire crab
  7043 | D:9      | Noticed a centaur warrior
  7152 | D:9      | Found a burning altar of Makhleb.
  7152 | D:9      | Noticed a balrug
  7256 | D:10     | Entered Level 10 of the Dungeon
  7256 | D:10     | Found an opulent altar of Gozag.
  7271 | D:9      | Reached skill level 1 in Stealth
  7367 | D:10     | Found Wedeoron's Weapon Emporium.
  7407 | D:10     | Found a hazy altar of Hepliaklqana.
  7408 | D:10     | Found a shimmering altar of Xom.
  7408 | D:10     | Noticed a cyan ugly thing
  7409 | D:10     | Noticed a red ugly thing
  7642 | D:10     | Found the +8 pair of quick blades "Gyre" and "Gimble"
                  | {protect}
  7717 | D:10     | Noticed a two-headed ogre
  7765 | D:10     | Killed a two-headed ogre
  8032 | D:11     | Noticed Grum
  8052 | D:11     | Killed Grum
  8118 | Lair:1   | Entered Level 1 of the Lair of Beasts
  8322 | Lair:1   | Reached skill level 1 in Armour
  8468 | Lair:1   | Reached ****** piety under Dithmenos
  8732 | Lair:1   | Noticed a catoblepas
  8754 | Lair:1   | Killed a catoblepas
  8779 | Lair:1   | Reached skill level 5 in Armour
  8925 | Lair:1   | Reached skill level 1 in Invocations
  8988 | Lair:1   | Reached XP level 12. HP: 122/122 MP: 12/12
  8990 | Lair:1   | Reached skill level 1 in Evocations
  9462 | Lair:2   | HP: 3/183 [blink frog (13)]
  9642 | Lair:2   | Noticed a seven-headed hydra
  9684 | Lair:2   | Found a staircase to the Shoals.
  9912 | Lair:2   | Noticed a death yak
 10156 | Lair:2   | Noticed Maggie
 10171 | Lair:2   | Killed Maggie
 10202 | Lair:2   | Noticed a death yak
 10202 | Lair:2   | Noticed a death yak
 10654 | Lair:3   | Found a runed translucent door.
 10654 | Lair:3   | Noticed stipulation's ghost (journeyman VSNe)
 11107 | Lair:3   | Found a hole to the Spider Nest.
 11119 | Lair:3   | Reached skill level 10 in Throwing
 11522 | Lair:4   | Reached XP level 13. HP: 103/128 MP: 13/13
 11890 | Lair:4   | Found a staircase to the Slime Pits.
 11890 | Lair:4   | Found a viscous altar of Jiyva.
 12513 | Lair:4   | HP: 2/131 [blink frog (15)]
 12524 | Lair:4   | HP: 2/131 [blink frog (8)]
 13226 | Lair:5   | Entered Level 5 of the Lair of Beasts
 13682 | Lair:5   | Reached skill level 14 in Unarmed Combat
 13733 | Lair:5   | Reached skill level 10 in Fighting
 14294 | Lair:5   | Reached XP level 14. HP: 140/144 MP: 14/14
 14337 | Lair:5   | Reached skill level 15 in Unarmed Combat
 14476 | Lair:5   | Noticed Snorg
 14488 | Lair:5   | Killed Snorg
 15686 | D:11     | Killed by an exploding sixfirhy... ignited by their inner
                  | flame

Illustrated notes

Levels and vault maps discovered:
D:1:      tarquinn_simple_flora_water_c, layout_basic, serial_shops,
          nicolae_shop_back_alley_shop
D:2:      layout_loops_corners, ebering_ecumenical_altar_box
D:3:      layout_rooms, mainiacjoe_overflow_chevrons, grunt_qazlal_sundering
D:4:      layout_rooms, mainiacjoe_overflow_24_doors,
          nicolae_vehumet_altar_sigil, nicolae_sif_muna_little_library,
          minmay_temple_entry_junction_2
D:5:      layout_cave_pools, gammafunk_temple_overflow_pools, minivault_26,
          uniq_edmund, uniq_eustachio, uniq_menkaure, uniq_sigmund,
          uniq_crazy_yiuf_cottage
D:6:      layout_basic, nzn_random_ring, uniq_grinder
D:7:      layout_gridville, chequers_garden
D:8:      layout_loops_ring, tso_oasis_becter, bloody_trog
D:9:      minmay_gate_of_8, layout_basic, nicolae_uskayaw_dance_hall,
          makhleb_altar_promises_db, minmay_lair_entry_grove, uniq_erolcha
D:10:     layout_basic, regret_index_temple_of_mockery, amcnicky_altar_gilded,
          serial_shops, nicolae_shop_just_a_little_nook
D:11:     layout_cave_pods, hiddenorc1_lemuel, serial_park, serial_park_gazebo
          [serial_park_minivault_5x5_8], serial_park_paths
          [serial_park_minivault_5x5_4], serial_park_square3
          [serial_park_minivault_5x5_6], kennysheep_generic_room_12,
          uniq_fannar, uniq_grum
Lair:1:   wad_woods_minihive, layout_regular_city, nicolae_quartered_pool_super,
          serial_bayou_shore_b
Lair:2:   layout_regular_city, elwin_shoals_entry_rocks, serial_rivers,
          chequers_serial_rivers_room_a, chequers_serial_rivers_room_a,
          chequers_serial_rivers_room_a, chequers_serial_rivers_marsh,
          chequers_serial_rivers_room_b, chequers_serial_rivers_micro_c,
          uniq_maggie
Lair:3:   layout_hall_layers, spider_nest_entry_funnel_web,
          hellmonk_ghost_happy_afterlife, beast_lair_carwin_6
Lair:4:   layout_cave_pods, slime_entry_1, st_stairs_8, grunt_megastairs_1
Lair:5:   minmay_lair_end_frog_pond, layout_layer_cave, uniq_snorg

Skill      XL: |  1  2  3  4  5  6  7  8  9 10 11 12 13 14 |
---------------+-------------------------------------------+-----
Unarmed Combat | 4 5 7 8 9 10 11 12 13 14 15 | 15.8
Fighting       | 3 4 6 8 10 | 10.9
Throwing       | 2 4 6 10 11 | 11.4
Stealth        | 3 |  3.7
Armour         | 5 |  5.0
Invocations    | 2 |  2.0
Evocations     | 3 |  3.5
Dodging        | |  2.4

Action                     |  1- 3 |  4- 6 |  7- 9 | 10-12 | 13-15 || total
---------------------------+-------+-------+-------+-------+-------++-------
  Melee: Unarmed           |    90 |   113 |   261 |   612 |   463 ||  1539
         Punch             |       |     5 |     8 |    42 |    38 ||    93
  Throw: Dart              |       |     3 |     2 |    12 |     1 ||    18
         Throwing net      |       |       |     2 |     3 |       ||     5
         Boomerang         |       |       |       |       |    26 ||    26
         Large rock        |       |       |       |       |     1 ||     1
 Invoke: Shadow Step       |       |     1 |       |       |       ||     1
  Evoke: Wand              |       |       |     1 |     4 |    17 ||    22
    Use: Scroll            |       |     7 |     2 |     8 |     3 ||    20
         Potion            |       |     1 |       |     5 |     4 ||    10
   Stab: Sleeping          |     2 |     2 |     1 |     9 |     6 ||    20
         Distracted        |       |       |       |     1 |     2 ||     3
         Petrified         |       |       |       |     1 |       ||     1
         Betrayed ally     |       |       |       |       |     1 ||     1
 Armour: Robe              |    49 |    62 |    95 |       |       ||   206
         Acid dragon scale |       |       |    37 |   422 |   358 ||   817
         Troll leather arm |       |       |     7 |       |       ||     7
         Skin              |       |       |       |    33 |    24 ||    57
  Dodge: Dodged            |    40 |    65 |   123 |   339 |   203 ||   770
  Block: Other             |       |       |       |    94 |    72 ||   166
